 Dungeon Sprint DCSS version 0.26.1-12-g5ba1501909 (webtiles) character file.

Game seed: 17011926849057897206

711 Zeld the Thrower (level 7, -4/78 HPs)
             Began as a Troll Hunter on Oct 28, 2021.
             Was a Follower of Okawaru.
             Slain by a sun demon (16 damage)
             ... summoned by a kobold demonologist
             ... in the Dungeon (Sprint I: "Red Sonja").
             The game lasted 00:02:17 (799 turns).

Zeld the Thrower (Troll Hunter)                      Turns: 799, Time: 00:02:17

Health: -4/78      AC: -6    Str: 23    XL:     7   Next: 40%
Magic:  6/6        EV: 11    Int:  7    God:    Okawaru [*.....]
Gold:   465        SH:  0    Dex: 10    Spells: 6/6 levels left

rFire    . . .     SeeInvis .   a - +0 giant club
rCold    . . .     Faith    .   (shield currently unavailable)
rNeg     . . .     Spirit   .   b - +0 robe
rPois    .         Reflect  .   (helmet restricted)
rElec    .         Harm     .   (no cloak)
rCorr    .         Rampage  .   (gloves unavailable)
Will     .....     NoTele   +   (boots unavailable)
Stlth    ++........             (no amulet)
HPRegen  0.63/turn              (no ring)
MPRegen  0.10/turn              (no ring)

@: corroded
A: large, unfitting armour, claws 3, regeneration 1, shaggy fur 1, tough skin 3
a: Renounce Religion, Heroism


You were in the Dungeon.
You worshipped Okawaru.
Okawaru was aware of your devotion.
You visited 1 branch You collected 465 gold pieces.

Inventory:

Hand Weapons
 a - a +0 giant club (weapon)
Missiles
 c - 4 large rocks (quivered)
 d - a throwing net
Armour
 b - a +0 robe (worn)
Wands
 k - a wand of digging (3)
Scrolls
 j - a scroll of blinking
Potions
 e - a potion of curing
 f - a potion of heal wounds
 g - a potion of haste
 h - 2 potions of magic
 i - a potion of brilliance {unknown}


   Skills:
 * Level 7.0 Fighting
 * Level 7.3 Maces & Flails
 * Level 8.4 Throwing
 + Level 5.0 Dodging
 + Level 3.5 Stealth


You had 6 spell levels left.
You didn't know any spells.
Your spell library was empty.

Dungeon Overview and Level Annotations

Branches:
Dungeon (1/1)

Altars:
Cheibriados
Dithmenos
Elyvilon
Fedhas
Gozag
Hepliaklqana
Kikubaaqudgha
Makhleb
Nemelex Xobeh
Okawaru
Qazlal
Ru
Sif Muna
Trog
Uskayaw
Vehumet
Wu Jian
Xom
Yredelemnul
Zin
The Shining One
Jiyva
Lugonu

Shops:
D [


Innate Abilities, Weirdness & Mutations

You are too large for most types of armour.
You have claws for hands.
Your natural rate of healing is unusually fast.
You are covered in fur. (AC +1)
You have extremely tough skin. (AC +3)


Message History

You kill the floating eye!
Okawaru accepts your kill.
You can now gain great but temporary skills.
Your Fighting skill increases to level 7!
Your Dodging skill increases to level 5!
You sock the rust devil!
The rust devil is moderately wounded.
The rust devil hits you! The rust devil corrodes you!
You barely miss the rust devil.
The rust devil is moderately wounded.
The rust devil barely misses you.
Deactivating autopickup; reactivate with Ctrl-A.
You hit something but do no damage.
The rust devil disappears in a puff of smoke!
You miss something. Something hits you!!
You are engulfed in flames!!
* * * LOW HITPOINT WARNING * * *
Something hits you.
* * * LOW HITPOINT WARNING * * *
You are engulfed in flames!
You die...

##########################
#<.#..'†)#..'..#__#3K'3..#
#..[..#..').#.KK^K'4.#...#
#..#####'#####'#__####...+
#..####..#...#@#### #####
#..#__####..##.#
#..#_____##'#_.+
#⌠⌠#_.∩..†'..._#
##.#_..__##_.#'#
#..#_____###+#(#
########## ###


You could see 2 kobold demonologists.

Vanquished Creatures
  A slime creature (D)
  Sigmund (D)
  A yak (D)
  A floating eye (D)
  An ogre (D)
  A jelly (D)
  Ijyb (D)
7 creatures vanquished.

Vanquished Creatures (others)
  A gargoyle (D)
1 creature vanquished.

Grand Total: 8 creatures vanquished

Notes
Turn   | Place    | Note
-------+----------+-------------------------------------------
     0 | D        | Zeld the Troll Hunter began the quest for the Orb.
     0 | D        | Reached XP level 1. HP: 19/19 MP: 0/0
     3 | D        | Noticed Ijyb
    10 | D        | Killed Ijyb
    11 | D        | Reached skill level 4 in Throwing
    11 | D        | Reached skill level 1 in Stealth
    11 | D        | Reached XP level 2. HP: 21/29 MP: 1/1
   295 | D        | Noticed an ogre
   305 | D        | Killed an ogre
   306 | D        | Reached skill level 5 in Throwing
   306 | D        | Reached XP level 3. HP: 39/39 MP: 2/2
   306 | D        | Reached XP level 4. HP: 48/48 MP: 3/3
   320 | D        | Noticed Sigmund
   326 | D        | Killed Sigmund
   327 | D        | Reached skill level 5 in Fighting
   327 | D        | Reached skill level 5 in Maces & Flails
   327 | D        | Reached skill level 6 in Throwing
   327 | D        | Reached XP level 5. HP: 28/57 MP: 4/4
   400 | D        | Found an ornate altar of the Wu Jian Council.
   400 | D        | Found a shimmering blue altar of Sif Muna.
   402 | D        | Found a radiant altar of Vehumet.
   408 | D        | Reached XP level 6. HP: 65/66 MP: 5/5
   447 | D        | Found Imopes's Antique Armour Emporium.
   447 | D        | Found an ancient bone altar of Kikubaaqudgha.
   447 | D        | Found a hazy altar of Hepliaklqana.
   447 | D        | Found a hide-covered altar of Uskayaw.
   447 | D        | Found a basalt altar of Yredelemnul.
   447 | D        | Found an opulent altar of Gozag.
   447 | D        | Found a snail-covered altar of Cheibriados.
   447 | D        | Found a sacrificial altar of Ru.
   447 | D        | Found a shadowy altar of Dithmenos.
   447 | D        | Noticed a yak
   448 | D        | Found a stormy altar of Qazlal.
   448 | D        | Found a blossoming altar of Fedhas.
   448 | D        | Found a bloodstained altar of Trog.
   448 | D        | Found an iron altar of Okawaru.
   448 | D        | Found a glowing golden altar of the Shining One.
   448 | D        | Found a glowing silver altar of Zin.
   448 | D        | Found a white marble altar of Elyvilon.
   451 | D        | Killed a yak
   452 | D        | Reached skill level 7 in Throwing
   452 | D        | Found a sparkling altar of Nemelex Xobeh.
   458 | D        | Became a worshipper of Warmaster Okawaru
   504 | D        | Found a burning altar of Makhleb.
   504 | D        | Found a viscous altar of Jiyva.
   504 | D        | Found a shimmering altar of Xom.
   504 | D        | Found a corrupted altar of Lugonu.
   504 | D        | Noticed a slime creature
   516 | D        | Killed a slime creature
   517 | D        | Reached skill level 8 in Throwing
   517 | D        | Reached XP level 7. HP: 18/76 MP: 6/6
   611 | D        | Killed a gargoyle
   778 | D        | Noticed a kobold demonologist
   779 | D        | Noticed a kobold demonologist
   781 | D        | Noticed a rust devil
   781 | D        | Paralysed by a floating eye for 2 turns
   785 | D        | Noticed a chaos spawn
   785 | D        | Paralysed by a floating eye for 4 turns
   792 | D        | Noticed a sun demon
   792 | D        | Noticed a smoke demon
   795 | D        | Reached * piety under Okawaru
   796 | D        | Reached skill level 5 in Dodging
   799 | D        | Slain by a sun demon

Illustrated notes

Levels and vault maps discovered:
D:        dungeon_sprint_1 [red_sonja_temple_1, red_sonja_temple_small_1]

Skill      XL: |  1  2  3  4  5  6  7 |
---------------+----------------------+-----
Fighting       | 2 4 5 6 7 |  7.0
Maces & Flails | 2 3 5 7 |  7.3
Throwing       | 4 5 6 8 |  8.4
Dodging        | 2 3 4 5 |  5.0
Stealth        | 1 2 3 |  3.5

Action                   |  1- 3 |  4- 6 |  7- 9 || total
-------------------------+-------+-------+-------++-------
Melee: Unarmed           |     6 |       |       ||     6
       Club              |     1 |       |       ||     1
       Giant club        |       |    17 |     6 ||    23
Throw: Large rock        |     4 |       |       ||     4
       Throwing net      |     1 |       |       ||     1
Evoke: Wand              |     1 |       |       ||     1
  Use: Potion            |     1 |       |       ||     1
Armor: Robe              |       |     2 |       ||     2
Dodge: Dodged            |     4 |     7 |     2 ||    13
